 Dungeon Crawl Stone Soup version 0.20.0-7-g3b7b877 (webtiles) character file.

30343 Mirek the Eclecticist (level 13, -2/66 HPs)
             Began as a Deep Elf Air Elementalist on May 28, 2017.
             Was a High Priest of Sif Muna.
             Killed from afar by a lindwurm (30 damage)
             ... with a blast of flame
             ... on level 6 of the Lair of Beasts.
             The game lasted 01:22:17 (14257 turns).

Mirek the Eclecticist (Deep Elf Air Elementalist)  Turns: 14257, Time: 01:22:18

Health: -2/66      AC: 12    Str:  9    XL:     13   Next: 20%
Magic:  24/36      EV: 22    Int: 29    God:    Sif Muna [*****.]
Gold:   1005       SH:  7    Dex: 15    Spells: 6/46 levels left

rFire    . . .     SeeInvis .   N - +5 long sword of the End {slice, Str+4 Int+3}
rCold    . . .     Gourm    .   j - +2 buckler
rNeg     . . .     Faith    .   l - +0 acid dragon scales
rPois    +         Spirit   .   y - +2 helmet
rElec    .         Reflect  .   (no cloak)
rCorr    +         Harm     .   M - +0 pair of gloves
MR       +....                  i - +0 pair of boots
Stlth    ++........             (no amulet)
Regen    0.3/turn               U - ring of poison resistance
MPRegen  0.3/turn               H - +3 ring of evasion

@: no status effects
A: no striking features
a: Divine Energy, Channel Magic, Forget Spell, Renounce Religion


You were on level 6 of the Lair of Beasts.
You worshipped Sif Muna.
Sif Muna was extremely pleased with you.
You were not hungry.

You visited 3 branches of the dungeon, and saw 18 of its levels.

You collected 1005 gold pieces.

Inventory:

Hand Weapons
 v - a +0 blowgun
 N - the +5 long sword of the End (weapon) {slice, Str+4 Int+3}
   (You found it on level 11 of the Dungeon)

   It inflicts extra damage upon your enemies.
   It affects your strength (+4).
   It affects your intelligence (+3).
Missiles
 Z - 16 curare-tipped needles
Armour
 i - a +0 pair of boots (worn)
 j - a +2 buckler (worn)
 l - +0 acid dragon scales (worn)
 y - a +2 helmet (worn)
 M - a +0 pair of gloves (worn)
Jewellery
 b - a +5 ring of dexterity
 q - a +4 ring of dexterity
 w - an uncursed ring of positive energy
 D - an uncursed ring of protection from cold
 H - a +3 ring of evasion (right hand)
 R - an uncursed ring of flight
 U - a ring of poison resistance (left hand)
 V - an uncursed ring of protection from magic
Wands
 a - a wand of polymorph (6/24)
 C - a wand of digging (17/24)
 J - a wand of confusion (6/48)
Scrolls
 f - 3 scrolls of magic mapping
 m - 2 scrolls of fog
 o - 8 scrolls of remove curse
 p - a scroll of noise {unknown}
 s - 3 scrolls of blinking {unknown}
 x - 2 scrolls of fear {unknown}
 z - 2 scrolls of enchant armour {unknown}
 B - 4 scrolls of teleportation
 I - 3 scrolls of amnesia {unknown}
 O - a scroll of silence
 Q - 2 scrolls of enchant weapon
 X - a scroll of summoning
Potions
 e - 11 potions of curing
 h - 4 potions of brilliance
 n - 3 potions of might
 t - 2 potions of haste
 E - 2 potions of heal wounds
 F - 3 potions of flight
 L - 3 potions of agility {unknown}
 P - a potion of magic {unknown}
 T - 2 potions of invisibility {unknown}
 Y - a potion of cancellation {unknown}
Books
 g - Fogorch's Incunabulum of Sinister Flight
   (Sif Muna gifted it to you on level 4 of the Lair of Beasts)

   Spells                             Type                      Level
   a - Pain                           Necromancy                   1
   b - Mephitic Cloud                 Conjuration/Poison/Air       3
   c - Conjure Ball Lightning         Conjuration/Air              6
 k - a Young Poisoner's Handbook

   Spells                             Type                      Level
   a - Sting                          Conjuration/Poison           1
   b - Poisonous Vapours              Poison/Air                   2
   c - Mephitic Cloud                 Conjuration/Poison/Air       3
   d - Olgreb's Toxic Radiance        Poison                       4
   e - Venom Bolt                     Conjuration/Poison           5
 r - Sif Muna's Handbook of Conjuration and Lightness
   (Sif Muna gifted it to you on level 11 of the Dungeon)

   Spells                             Type                      Level
   a - Shock                          Conjuration/Air              1
   b - Throw Icicle                   Conjuration/Ice              4
   c - Irradiate                      Conjuration/Transmutation    5
   d - Fireball                       Conjuration/Fire             5
   e - Bolt of Cold                   Conjuration/Ice              6
   f - Spellforged Servitor           Conjuration/Summoning        7
 K - a book of Enchantments

   Spells                             Type                      Level
   a - Cause Fear                     Hexes                        4
   b - Yara's Violent Unravelling     Hexes/Transmutation          5
   c - Silence                        Hexes/Air                    5
   d - Deflect Missiles               Charms/Air                   6
   e - Discord                        Hexes                        8
 S - a book of Flames

   Spells                             Type                      Level
   a - Flame Tongue                   Conjuration/Fire             1
   b - Throw Flame                    Conjuration/Fire             2
   c - Conjure Flame                  Conjuration/Fire             3
   d - Inner Flame                    Hexes/Fire                   3
   e - Sticky Flame                   Conjuration/Fire             4
   f - Fireball                       Conjuration/Fire             5
Miscellaneous
 W - 2 phantom mirrors
Comestibles
 c - 10 bread rations
 d - 10 meat rations
 u - 27 fruits
 A - 4 chunks of flesh
 G - 7 royal jellies


   Skills:
 - Level 2.0 Fighting
 - Level 0.5 Long Blades
 - Level 4.1 Armour
 - Level 12.0 Dodging
 - Level 2.4 Stealth
 - Level 4.0 Shields
 - Level 17.1 Spellcasting
 - Level 10.0 Conjurations
 * Level 4.1 Charms
 - Level 1.0 Fire Magic
 - Level 7.1 Air Magic
 * Level 3.7 Invocations
 * Level 4.5 Evocations


You had 6 spell levels left.
You knew the following spells:

 Your Spells              Type           Power        Failure   Level  Hunger
a - Shock                 Conj/Air       ####         1%          1    None
b - Static Discharge      Conj/Air       ######..     1%          3    None
c - Swiftness             Chrm/Air       ######..     1%          2    None
d - Airstrike             Air            ######....   1%          4    None
e - Lightning Bolt        Conj/Air       ######....   2%          5    None
f - Conjure Flame         Conj/Fire      ######..     1%          3    None
g - Sticky Flame          Conj/Fire      ######..     3%          4    None
h - Fireball              Conj/Fire      ######....   9%          5    None
i - Mephitic Cloud        Conj/Pois/Air  ######..     1%          3    None
j - Blink                 Tloc           N/A          4%          2    None
k - Slow                  Hex            ###.....     4%          2    None
l - Deflect Missiles      Chrm/Air       ######....   41%         6    ##.....


Dungeon Overview and Level Annotations

Branches:
Dungeon (11/15)            Temple (1/1) D:4            Lair (6/6) D:11
 Shoals (0/4) Lair:4       Spider (0/4) Lair:3
  Slime: Lair:5-6       Orc: D:9-12

Altars:
Ashenzari
Cheibriados
Dithmenos
Elyvilon
Fedhas
Gozag
Hepliaklqana
Kikubaaqudgha
Makhleb
Nemelex Xobeh
Qazlal
Ru
Sif Muna
Trog
Uskayaw
Vehumet
Xom
Yredelemnul
Zin

Shops:
D:4 [   D:6 [}(   D:7 ((=[

Annotations:
D:3 Caiaphas's ghost, amateur TrWr
Lair:6 1 runed door


Message History

Casting: Sticky Flame
Confirm with . or Enter, or press ? or * to list all spells.
Aiming: Lightning Bolt
Press: ? - help, Shift-Dir - straight line
Okay, then.
Casting: Lightning Bolt
Confirm with . or Enter, or press ? or * to list all spells.
Aiming: Lightning Bolt
Press: ? - help, Shift-Dir - straight line
Okay, then.
The lindwurm breathes flames at you. The blast of flame hits you!
Casting: Lightning Bolt
Confirm with . or Enter, or press ? or * to list all spells.
Okay, then.
As you read the scroll of summoning, it crumbles to dust.
Wisps of shadow whirl around you... The lindwurm breathes flames at you.
The blast of flame hits you!
You die...

.PP...#.#...#..###...........##
..........P......#P#####P.##.#
..#.............#### #######
.#...#..P..#...P#†.#
..#.....PP.##..PY###
##.......#....Y.PPY#
#...#...#...#l...t#
##..#..#####.#..Y## #...####
##Y.@.Y## ... #####k.## #...Y#
##..### w #..## w. ###...# ...
+#⌠..### y... ##P..### ##....#
#...##.# ###.....#


You could see a lindwurm, a friendly komodo dragon, a friendly crocodile
(wandering) and 7 friendly dream sheep.

Vanquished Creatures
  5 hydras
  A two-headed ogre (D:8)
  Sonja (Lair:4)
  A cyclops (D:11)
  3 torpor snails (Lair:6)
  6 black mambas
  7 spiny frogs
  3 komodo dragons
  2 rime drakes
  2 meliai (Lair:5)
  4 hornets (Lair:6)
  A troll (D:10)
  The ghost of Caiaphas the Magician, an amateur DrTm of Ashenzari (D:4)
  A tyrant leech (Lair:6)
  8 blink frogs
  4 dream sheep (Lair:5)
  A meliai zombie (D:10)
  7 hippogriffs
  2 wyverns
  A vampire (D:11)
  A hungry ghost (D:7)
  31 yaks
  A steam dragon (D:10)
  3 basilisks
  2 insubstantial wisps (D:10)
  Menkaure (D:7)
  An acid dragon (D:11)
  7 water moccasins
  9 porcupines
  An ice beast (D:5)
  4 phantoms
  A black bear (D:10)
  2 necrophages
  4 orc warriors
  5 sky beasts
  10 wolves
  An eye of draining (D:11)
  4 centaurs
  5 ogres
  11 crocodiles
  7 bullfrogs
  3 scorpions
  10 killer bees
  A vampire bat (D:2)
  2 howler monkeys
  An electric eel (Lair:1)
  2 bullfrog zombies (D:11)
  4 crimson imps
  A centaur zombie (D:10)
  A quasit (D:7)
  2 hounds
  3 orc priests
  7 orc wizards
  A centaur skeleton (D:5)
  2 bullfrog skeletons
  4 iguanas
  Ijyb (D:5)
  Natasha (thrice) (D:2)
  4 worker ants
  A hound zombie (D:9)
  A killer bee simulacrum (D:9)
  A howler monkey zombie (D:11)
  2 howler monkey skeletons (D:9)
  9 adders
  4 shadow imps
  2 dart slugs
  8 leopard geckos
  18 orcs
  2 bat skeletons (D:2)
  3 bat zombies (D:2)
  4 giant cockroaches
  5 goblins
  6 hobgoblins
  3 jackals (D:1)
  5 kobolds
  A quokka (D:7)
  7 bats
  3 frilled lizards
  A jackal skeleton (D:5)
  2 leopard gecko skeletons
  3 quokka skeletons
  2 quokka zombies
  3 rats
320 creatures vanquished.

Vanquished Creatures (others)
  4 fungi
  8 plants (Lair:6)
12 creatures vanquished.

Grand Total: 332 creatures vanquished

Notes
Turn   | Place    | Note
-------+----------+-------------------------------------------
     0 | D:1      | Mirek the Deep Elf Air Elementalist began the quest for the Orb.
     0 | D:1      | Reached XP level 1. HP: 10/10 MP: 6/6
   236 | D:1      | Reached XP level 2. HP: 15/15 MP: 6/8
   237 | D:1      | Reached skill level 4 in Spellcasting
   497 | D:2      | Found a shattered altar of Ashenzari.
   802 | D:2      | Reached XP level 3. HP: 19/19 MP: 10/10
   852 | D:2      | Noticed Natasha
   863 | D:2      | Killed Natasha
   868 | D:2      | Learned a level 3 spell: Static Discharge
   871 | D:2      | Learned a level 2 spell: Swiftness
   907 | D:2      | Noticed Natasha
   913 | D:2      | Killed Natasha
   913 | D:2      | Reached XP level 4. HP: 17/24 MP: 8/12
   954 | D:2      | Noticed Natasha
   958 | D:2      | Killed Natasha
  1019 | D:2      | Found a faded altar of an unknown god.
  1098 | D:2      | Found an ancient bone altar of Kikubaaqudgha.
  1103 | D:2      | Reached skill level 5 in Spellcasting
  1103 | D:2      | Reached XP level 5. HP: 26/28 MP: 10/14
  1112 | D:2      | Learned a level 4 spell: Airstrike
  1353 | D:3      | Noticed Caiaphas's ghost (amateur TrWr)
  1679 | D:4      | Found a staircase to the Ecumenical Temple.
  1689 | Temple   | Entered the Ecumenical Temple
  1819 | Temple   | Became a worshipper of Sif Muna the Loreminder
  1959 | D:3      | Reached XP level 6. HP: 20/32 MP: 5/16
  2326 | D:4      | Noticed Caiaphas's ghost (amateur DrTm)
  2342 | D:4      | Killed Caiaphas's ghost
  2342 | D:4      | Reached skill level 6 in Spellcasting
  2342 | D:4      | Reached skill level 5 in Air Magic
  2416 | D:4      | Reached skill level 7 in Spellcasting
  2416 | D:4      | Reached XP level 7. HP: 36/36 MP: 9/19
  2430 | D:4      | Reached * piety under Sif Muna
  2731 | D:4      | Found Zudokkump's Antique Armour Shoppe.
  2793 | D:5      | Entered Level 5 of the Dungeon
  2940 | D:5      | Found a blossoming altar of Fedhas.
  2946 | D:5      | Found a burning altar of Makhleb.
  2956 | D:5      | Noticed Ijyb
  3243 | D:5      | Reached skill level 5 in Dodging
  3245 | D:5      | Reached XP level 8. HP: 18/41 MP: 6/20
  3517 | D:5      | Killed Ijyb
  3627 | D:5      | Found a shimmering altar of Xom.
  3876 | D:6      | Found a bloodstained altar of Trog.
  4220 | D:6      | Found a burning altar of Makhleb.
  4253 | D:6      | Found Xiruka's Weapon Boutique.
  4334 | D:6      | Found Beffaus's Gadget Shop.
  4343 | D:6      | Got an ichor-stained helmet
  4349 | D:6      | Identified the cursed +0 helmet of Gluttony {MR+} (You found it on level 6 of the Dungeon)
  4349 | D:6      | Found a stormy altar of Qazlal.
  4364 | D:6      | Found Deseheygi's Armour Emporium.
  4790 | D:7      | Found a sacrificial altar of Ru.
  4815 | D:7      | Reached skill level 8 in Spellcasting
  4821 | D:7      | Found Uliklenu's Armour Shoppe.
  4837 | D:7      | Noticed Menkaure
  4881 | D:7      | Killed Menkaure
  4881 | D:7      | Reached skill level 9 in Spellcasting
  4941 | D:7      | Reached ** piety under Sif Muna
  4968 | D:7      | Reached XP level 9. HP: 20/45 MP: 0/24
  4979 | D:7      | Found Efafo's Jewellery Shop.
  5031 | D:7      | Found Utzoz's Antique Weapon Emporium.
  5122 | D:7      | Reached skill level 10 in Spellcasting
  5206 | D:7      | Found Woxotsyi's Weapon Emporium.
  5287 | D:7      | Found a radiant altar of Vehumet.
  5615 | D:8      | Reached skill level 1 in Shields
  5740 | D:8      | Learned a level 5 spell: Lightning Bolt
  6202 | D:9      | Found a hazy altar of Hepliaklqana.
  6284 | D:9      | Found a hide-covered altar of Uskayaw.
  6620 | D:9      | Got a slimy battleaxe
  6742 | D:9      | Noticed a two-headed ogre
  6805 | D:8      | Killed a two-headed ogre
  6805 | D:8      | Reached skill level 11 in Spellcasting
  6930 | D:9      | Found an opulent altar of Gozag.
  6965 | D:9      | Reached *** piety under Sif Muna
  7019 | D:9      | Found a burning altar of Makhleb.
  7098 | D:10     | Entered Level 10 of the Dungeon
  7163 | D:10     | Noticed a troll
  7177 | D:9      | Reached skill level 12 in Spellcasting
  7348 | D:10     | Killed a troll
  7348 | D:10     | Reached XP level 10. HP: 41/50 MP: 14/28
  7858 | D:10     | Reached skill level 13 in Spellcasting
  7871 | D:10     | Reached skill level 5 in Conjurations
  7883 | D:10     | Learned a level 3 spell: Conjure Flame
  8050 | D:10     | Reached **** piety under Sif Muna
  8057 | D:10     | Reached skill level 1 in Fire Magic
  8472 | D:11     | Found a staircase to the Lair.
  8928 | D:11     | Got a brightly glowing long sword
  8929 | D:11     | Identified the +5 long sword of the End {slice, Str+4 Int+3} (You found it on level 11 of the Dungeon)
  8997 | D:11     | Noticed a cyclops
  9056 | Lair:1   | Entered Level 1 of the Lair of Beasts
  9134 | Lair:1   | Found a hazy altar of Hepliaklqana.
  9171 | Lair:1   | Learned a level 4 spell: Sticky Flame
  9243 | Lair:1   | Noticed an eight-headed hydra
  9283 | Lair:1   | Killed an eight-headed hydra
  9283 | Lair:1   | Reached ***** piety under Sif Muna
  9283 | Lair:1   | Reached skill level 1 in Armour
  9283 | Lair:1   | Reached XP level 11. HP: 53/54 MP: 4/30
  9545 | D:11     | Identified Sif Muna's Handbook of Conjuration and Lightness (Sif Muna gifted it to you on level 11 of the Dungeon)
  9545 | D:11     | Received a gift from Sif Muna
 10358 | Lair:2   | Noticed a six-headed hydra
 10438 | Lair:2   | Reached skill level 14 in Spellcasting
 10463 | Lair:2   | Noticed a five-headed hydra
 10559 | Lair:2   | Reached skill level 1 in Fighting
 10638 | Lair:2   | Killed a five-headed hydra
 10942 | Lair:2   | Noticed a six-headed hydra
 10958 | Lair:2   | Killed a six-headed hydra
 10958 | Lair:2   | Reached skill level 10 in Dodging
 11380 | Lair:2   | Killed a six-headed hydra
 11380 | Lair:2   | Reached XP level 12. HP: 47/62 MP: 10/32
 11753 | Lair:3   | Found a hole to the Spider Nest.
 11940 | Lair:3   | Learned a level 5 spell: Fireball
 11998 | Lair:3   | Reached skill level 15 in Spellcasting
 12198 | Lair:4   | Found a staircase to the Shoals.
 12233 | Lair:4   | Noticed a five-headed hydra
 12248 | Lair:4   | Killed a five-headed hydra
 12248 | Lair:4   | Reached skill level 10 in Conjurations
 12391 | Lair:4   | Noticed Sonja
 12395 | Lair:4   | Killed Sonja
 12505 | Lair:4   | Received a gift from Sif Muna
 12506 | Lair:4   | Identified Fogorch's Incunabulum of Sinister Flight (Sif Muna gifted it to you on level 4 of the Lair of Beasts)
 12511 | Lair:4   | Learned a level 3 spell: Mephitic Cloud
 12619 | Lair:4   | Reached skill level 16 in Spellcasting
 12926 | Lair:4   | Learned a level 2 spell: Blink
 13083 | Lair:5   | Reached skill level 17 in Spellcasting
 13133 | Lair:5   | Reached skill level 1 in Evocations
 13134 | Lair:5   | Reached skill level 1 in Invocations
 13408 | Lair:5   | Learned a level 2 spell: Slow
 13433 | Lair:5   | Learned a level 4 spell: Throw Icicle
 13441 | Lair:5   | Learned a level 6 spell: Deflect Missiles
 13468 | Lair:5   | Reached XP level 13. HP: 27/66 MP: 14/36
 13468 | Lair:5   | Reached skill level 1 in Charms
 13931 | Lair:6   | Entered Level 6 of the Lair of Beasts
 13991 | Lair:6   | Found a runed door.
 14257 | Lair:6   | Killed from afar by a lindwurm

Skill      XL: |  1  2  3  4  5  6  7  8  9 10 11 12 13 |
---------------+----------------------------------------+-----
Spellcasting   | 4 5 7 9 12 13 14 17 | 17.1
Conjurations   | 2 3 4 9 10 | 10.0
Air Magic      | 4 5 6 7 |  7.1
Dodging        | 5 8 11 12 | 12.0
Shields        | 4 |  4.0
Fire Magic     | 1 |  1.0
Armour         | 1 4 |  4.1
Fighting       | 2 |  2.0
Evocations     | 3 4 |  4.5
Invocations    | 2 3 |  3.7
Charms         | 4 |  4.1
Long Blades    | |  0.5
Stealth        | |  2.4

Action                   |  1- 3 |  4- 6 |  7- 9 | 10-12 | 13-15 || total
-------------------------+-------+-------+-------+-------+-------++-------
Melee: Short sword       |    38 |    11 |    17 |    22 |       ||    88
       Long sword        |       |       |       |   117 |    15 ||   132
 Fire: Hunting sling     |       |       |     6 |       |       ||     6
 Cast: Shock             |    37 |    62 |   195 |   171 |    12 ||   477
       Swiftness         |       |     3 |     3 |     1 |       ||     7
       Airstrike         |       |     2 |    37 |   119 |     8 ||   166
       Static Discharge  |       |     2 |    11 |    36 |     4 ||    53
       Conjure Flame     |       |       |       |     6 |       ||     6
       Sticky Flame      |       |       |       |    48 |    12 ||    60
       Lightning Bolt    |       |       |       |     3 |     4 ||     7
       Fireball          |       |       |       |     1 |       ||     1
       Slow              |       |       |       |       |     1 ||     1
Invok: Forget Spell      |       |       |       |     1 |       ||     1
Evoke: Wand              |       |       |     3 |     1 |       ||     4
  Use: Scroll            |       |       |     8 |    12 |     3 ||    23
       Potion            |       |       |       |     1 |       ||     1
 Stab: Sleeping          |     2 |     4 |     3 |     3 |       ||    12
  Eat: Chunk             |       |     4 |    20 |    17 |     3 ||    44
       Fruit             |       |       |       |     2 |       ||     2
Armor: Robe              |     6 |     5 |     6 |     4 |       ||    21
       Acid dragon scale |       |       |       |    39 |     4 ||    43
Dodge: Dodged            |    37 |    18 |    57 |   269 |    38 ||   419
Block: Buckler           |       |       |    17 |   106 |    10 ||   133
       Rpst.: Long sword |       |       |       |    67 |    14 ||    81
